Map: Cyber Forest LE

Players

TiPtOP

  • Race: Terran Terran
  • League: Silver
  • Spawn Location: 11:00

Phantom - Winner!

  • Race: Protoss Protoss
  • League: Silver
  • Spawn Location: 5:00

VOD

Have the link to the VOD?

Description

Time

  • Played on: May 12, 2019, 8:34 p.m.
  • Length: 7:28
Show
View Real Time Build Order
Export as new Build Order

TiPtOP Terran 

Build Orders:  

Get SALT Encoding   

  12  0:01  SCV  
  13  0:14  SCV  
  13  0:18  Supply Depot  
  14  0:26  SCV  
  15  0:43  SCV, Barracks  
  16  0:55  SCV  
  17  1:00  Refinery  
  17  1:16  SCV  
  18  1:33  Barracks  
  18  1:35  Marine  
  19  1:40  Orbital Command  
  19  2:08  Barracks Reactor  
  19  2:13  Supply Depot  
  18  2:28  Refinery  
  18  2:37  Marine  
  19  2:55  Marine  
  19  3:09  Marine x2  
  19  3:11  Factory  
  21  3:13  Marine  
  21  3:27  Marine x2  
  17  3:58  Factory Tech Lab  
  17  4:14  Marine x2  
  17  4:16  Command Center  
  20  4:17  Siege Tank  
  21  5:08  Supply Depot  
  21  5:28  Marine x2  
  22  5:30  Marine  
  23  6:07  Siege Tank  
  26  6:24  Marine x3  
  21  7:03  Marine x3  
Show
View Real Time Build Order
Export as new Build Order

Phantom Protoss - Winner!

Build Orders:  

Get SALT Encoding   

  12  0:01  Probe  
  13  0:17  Probe, Pylon  
  14  0:29  Probe  
  15  0:37  Probe  
  15  0:38  Forge  
  16  0:45  Probe  
  17  0:56  Probe  
  17  0:59  Gateway  
  18  1:14  Pylon  
  18  1:21  Probe  
  19  1:35  Photon Cannon  
  19  1:36  Probe  
  20  1:44  Probe  
  20  1:46  Cybernetics Core  
  21  1:55  Probe  
  21  1:59  Pylon  
  22  2:05  Probe  
  22  2:07  Photon Cannon  
  22  2:13  Probe  
  23  2:16  Pylon  
  23  2:17  Assimilator  
  24  2:24  Photon Cannon  
  24  2:30  Photon Cannon  
  24  2:41  Shield Battery  
  24  2:46  Pylon  
  24  2:49  Probe  
  25  2:53  Photon Cannon  
  25  3:01  Probe  
  25  3:04  Photon Cannon  
  26  3:10  Pylon  
  26  3:23  Photon Cannon  
  26  3:24  Pylon  
  26  3:27  Probe  
  27  3:37  Pylon  
  27  3:39  Probe  
  28  3:45  Photon Cannon  
  28  3:51  Photon Cannon, Probe  
  29  4:00  Pylon  
  29  4:03  Probe  
  29  4:08  Photon Cannon  
  30  4:15  Probe  
  31  4:28  Probe  
  31  4:30  Assimilator  
  32  4:35  Photon Cannon  
  32  4:40  Probe  
  32  4:44  Photon Cannon  
  33  4:48  Pylon  
  33  4:52  Probe  
  34  4:57  Warp Gate  
  34  5:20  Gateway x2  
  34  5:24  Gateway  
  34  5:26  Gateway  
  34  5:28  Probe  
  35  5:36  Probe  
  35  5:41  Nexus, Gateway  
  36  5:44  Probe  
  37  5:50  Stalker  
  39  6:03  Shield Battery  
  39  6:09  Shield Battery  
  39  6:12  Adept  
  39  6:15  Adept  
  39  6:17  Probe  
  44  6:20  Stalker  
  46  6:52  Adept  
  46  6:53  Stalker x2  
  46  6:54  Stalker  
  52  7:01  Zealot  
  52  7:02  Zealot  
  56  7:09  Probe  
  57  7:19  Pylon  
Tags
 
Add a new tag
Caveats
  • Supply blocks, unpowered buildings, or Contaminate may cause inaccurate times.
  • Supply counts are checked every 10 seconds.